 Dungeon Crawl Stone Soup version 0.28.0-47-ge53b351184 (webtiles) character file.

Game seed: 17340955002171699844

6 RatsInWalls the Insei (level 2, 0/20 HPs)
             Began as a Human Wanderer on May 9, 2022.
             Slain by a quokka (5 damage)
             ... on level 1 of the Dungeon.
             The game lasted 00:00:50 (510 turns).

RatsInWalls the Insei (Human Wanderer)               Turns: 510, Time: 00:00:51

Health: 0/20       AC:  2    Str: 10    XL:     2   Next: 0%
Magic:  3/5        EV: 11    Int: 15    God:
Gold:   0          SH:  0    Dex: 11    Spells: 4/5 levels left

rFire   . . .      SeeInvis .   a - +0 dagger
rCold   . . .      Faith    .   (no shield)
rNeg    . . .      Spirit   .   d - +0 robe
rPois   .          Reflect  .   (no helmet)
rElec   .          Harm     .   (no cloak)
rCorr   .          Rampage  .   (no gloves)
Will    .....                   (no boots)
Stlth   +.........              (no amulet)
HPRegen 0.06/turn               (no ring)
MPRegen 0.09/turn               (no ring)

@: no status effects
A: no striking features
a: no special abilities


You were on level 1 of the Dungeon.
You visited 1 branch of the dungeon, and saw 1 of its levels.

Inventory:

Hand Weapons
 a - a +0 dagger (weapon)
Armour
 d - a +0 robe (worn)
Wands
 c - a wand of polymorph (5)
Scrolls
 b - a scroll of summoning
 e - a scroll of blinking


   Skills:
 * Level 0.5 Fighting
 + Level 1.1 Dodging
 + Level 0.3 Stealth
 - Level 3.0 Unarmed Combat
 + Level 2.1 Spellcasting
 + Level 2.0 Summonings
 - Level 2.0 Evocations


You had 4 spell levels left.
You knew the following spells:

 Your Spells              Type           Power      Damage    Failure   Level
a - Summon Small Mammal   Summ           28%        N/A       10%         1

Your spell library contained the following spells:

 Spells                   Type           Power      Damage    Failure   Level
 Call Canine Familiar     Summ           7%         N/A       28%         3


Dungeon Overview and Level Annotations

Branches:
Dungeon (1/15)

Altars:


Message History

The goblin is moderately wounded.
Your rat bites the endoplasm.
The goblin hits you with a +0 club. The endoplasm closely misses your rat.
You closely miss the goblin.
The goblin is moderately wounded.
Your rat bites the endoplasm.
The goblin misses you.
The endoplasm hits your rat but does no damage.
You hit the goblin but do no damage.
The goblin is moderately wounded.
Your rat bites the endoplasm.
The endoplasm dies!
The goblin hits you with a +0 club.
You hit the goblin.
The goblin is severely wounded.
Your rat closely misses the goblin.
The goblin hits you with a +0 club.
You hit the goblin.
The goblin is almost dead.
Your rat closely misses the goblin.
The goblin hits you with a +0 club.
* * * LOW HITPOINT WARNING * * *
You closely miss the goblin.
The goblin is almost dead.
Your rat bites the goblin.
The goblin dies!
You have reached level 2!
Your rat disappears in a puff of smoke!
Magic restored.
A quokka comes into view.
A quokka is nearby!
Casting: Summon Small Mammal (safe; 10% risk of failure)
Confirm with . or Enter, or press ? or * to list all spells.
Casting: Summon Small Mammal (safe; 10% risk of failure)
Confirm with . or Enter, or press ? or * to list all spells.
You see here a +0 club.
You hit the quokka.
The quokka is heavily wounded.
Your bat closely misses the quokka.
Your bat misses the quokka. The quokka bites you.
* * * LOW HITPOINT WARNING * * *
Your bat barely misses the quokka.
The quokka bites you.
You die...

#...# #. #........#
#...# #. #........#
#...# #. #........#
#...# #. .........#
####...# #. .........#
#......# #. .........#
#......# #. ......rb.#
#......# #.
.......@.#####......###.
.#+####.r†..........+.'.
#.............###.
#......)#......##.
#.......#....#.##'
#.......##.#.#....
#............#....
+..........(.....>
#..$.....##.......


You could see a quokka (ally target), a friendly bat (summoned) and a friendly
rat (summoned).

Vanquished Creatures
  A ball python (D:1)
  An endoplasm (D:1)
2 creatures vanquished.

Vanquished Creatures (collateral kills)
  An endoplasm (D:1)
  A goblin (D:1)
  A ball python (D:1)
3 creatures vanquished.

Grand Total: 5 creatures vanquished

Notes
Turn   | Place    | Note
-------+----------+-------------------------------------------
     0 | D:1      | RatsInWalls the Human Wanderer began the quest for the Orb.
     0 | D:1      | RatsInWalls set off with the following items: a +0 dagger,
                  | a scroll of summoning, a wand of polymorph (5), a +0 robe,
                  | a scroll of blinking; and the following spell memorised:
                  | Summon Small Mammal; and the following spells available to
                  | memorise: Call Canine Familiar
     0 | D:1      | Reached XP level 1. HP: 13/13 MP: 3/3
   483 | D:1      | Reached XP level 2. HP: 5/20 MP: 3/5
   510 | D:1      | Slain by a quokka

Illustrated notes

Levels and vault maps discovered:
D:1:      saegor_arrival_miasma, layout_basic,
          dreamdust_ecumenical_altar_drowned_temple

Action                   || total
-------------------------++-------
Melee: Dagger            ||    25
 Cast: Summon Small Mamm ||     4
Armor: Robe              ||     2
Dodge: Dodged            ||    12
